 Dungeon Crawl Stone Soup version 0.26-a0-812-g31a745ddcd (webtiles) character file.

Game seed: 13374828933913065179

3 schauveau the Ducker (level 1, -3/10 HPs)
             Began as a Felid Monk on Nov 24, 2020.
             Slain by a worm (5 damage)
             ... on level 4 of the Dungeon.
             The game lasted 00:00:57 (105 turns).

schauveau the Ducker (Felid Monk)                    Turns: 105, Time: 00:00:57

Health: -3/10      AC:  1    Str:  7    XL:     1   Next: 41%
Magic:  2/2        EV: 20    Int: 11    God:
Gold:   0          SH:  0    Dex: 18    Spells: 0/0 levels left
                                        Lives:  0   Deaths: 0

rFire    . . .     SeeInvis +     - Unarmed
rCold    . . .     Faith    .   (shield unavailable)
rNeg     . . .     Spirit   .   (armour unavailable)
rPois    .         Reflect  .   (helmet unavailable)
rElec    .         Harm     .   (cloak unavailable)
rCorr    .         Rampage  .   (gloves unavailable)
MR       .....                  (boots unavailable)
Stlth    +++.......             (no amulet)
HPRegen  0.03/turn              (no ring)
MPRegen  0.08/turn              (no ring)

@: quick
A: very small, no armour, no weapons or thrown items, stealth, claws 1, fangs 3,
see invisible, speed 1, shaggy fur 1, sharp paws
a: no special abilities


You were on level 4 of the Dungeon.
You visited 1 branch of the dungeon, and saw 4 of its levels.

You aren't carrying anything.


   Skills:
 + Level 3.0 Fighting
 + Level 4.2 Dodging
 + Level 2.6 Stealth
 + Level 3.1 Unarmed Combat


You couldn't memorise any spells.
You didn't know any spells.
Your spell library was empty.

Dungeon Overview and Level Annotations

Branches:
Dungeon (4/15)
 Temple: D:4-7

Altars:


Innate Abilities, Weirdness & Mutations

You cannot wear armour.
You are incapable of wielding weapons or throwing items.
Your paws allow you to move quietly. (Stealth)
You have sharp claws.
You have razor-sharp teeth.
You have supernaturally acute eyesight. (SInv)
You cover ground quickly.
You are covered in fur. (AC +1)
Your sharp claws are effective at attacking unaware monsters.


Message History

You closely miss the hobgoblin. Your bite misses the hobgoblin.
The hobgoblin is moderately wounded.
The hobgoblin closely misses you.
You scratch the hobgoblin.
You kill the hobgoblin!
Things that are here:
a +0 club; a hobgoblin corpse A goblin comes into view.
It is wielding a +0 club.
There is a stone staircase leading down here.
You climb downwards.
There is a stone staircase leading up here.
A ball python comes into view.
A worm comes into view.
You pounce on the unaware helpless ball python!
You claw the ball python!
You kill the ball python!
Found an embroidered robe.
The worm bites you.
Ouch! That really hurt!
You die...

#..##....####....
#..................
...##.#.#.####....#
#. #..#.#.# ..[. #
#.##.#.####...
.....#.†......
.#.#.##.####.#. #
............#.#..#
##.......w@.....#
#.#.....#.####.#
.............
###..###......# #..
..........
#..............
#.........#.##.
..###......


You could see a worm.

Vanquished Creatures
  A hobgoblin (D:3)
  A ball python (D:4)
  A frilled lizard (D:1)
  A rat (D:1)
4 creatures vanquished.

Vanquished Creatures (others)
  A plant (D:1)
1 creature vanquished.

Grand Total: 5 creatures vanquished

Notes
Turn   | Place    | Note
-------+----------+-------------------------------------------
     0 | D:1      | schauveau the Felid Monk began the quest for the Orb.
     0 | D:1      | Reached XP level 1. HP: 10/10 MP: 2/2
   105 | D:4      | Slain by a worm

Illustrated notes

Levels and vault maps discovered:
D:1:      tarquinn_simple_flora_water_c, layout_rooms,
          chequers_serial_rivers_large_b
D:2:      layout_basic, serial_corexii_hall, corexii_hall_statues_s,
          corexii_hall_statues_u, corexii_hall_statues_x, corexii_hall_statues_s
D:3:      cheibrodos_old_hovel, layout_basic, kennysheep_okawaru_gauntlet,
          grunt_dithmenos_smoke
D:4:      layout_basic, ashenzari_conservatory_becter, ebering_ghost_sewer_f

Action                   || total
-------------------------++-------
Melee: Unarmed           ||    15
       Bite              ||     2
 Stab: Sleeping          ||     1
Dodge: Dodged            ||     8

Table legend: (Time is in decaauts)
 A = Elapsed time spent in this place.
 B = Non-inter-level travel time spent in this place.
 C = Inter-level travel time spent in this place.
 D = Time resting spent in this place.
 E = Time spent auto-exploring this place.
 F = Levels seen in this place.
 G = Mean time per level.
                   A        B        C        D        E       F      G
               +--------+--------+--------+--------+--------+-----+--------+
         Total |     88 |     88 |      0 |      0 |      0 |   4 |   22.0 |
       Dungeon |     88 |     88 |      0 |      0 |      0 |   4 |   22.0 |
               +--------+--------+--------+--------+--------+-----+--------+

Top non-repeatable levels by time:
     D:1: 37 daAuts
     D:4: 22 daAuts
     D:3: 21 daAuts
     D:2: 7 daAuts
